 Dungeon Crawl Stone Soup version 0.27-a0-631-g2d681adce0 (webtiles) character file.

Game seed: 8491657215873007811

6588 tilp the Transmogrifier (level 11, -5/86 HPs)
             Began as an Octopode Transmuter on Mar 13, 2021.
             Was an Elder of Okawaru.
             Slain by a troll (9 damage)
             ... on level 10 of the Dungeon.
             The game lasted 00:26:11 (12541 turns).

tilp the Transmogrifier (Octopode Transmuter)      Turns: 12541, Time: 00:26:12

Health: -5/86      AC: 13    Str:  9    XL:     11   Next: 2%
Magic:  9/20       EV: 17    Int: 18    God:    Okawaru [****..]
Gold:   712        SH:  0    Dex: 20    Spells: 3/22 levels left

rFire    x . .     SeeInvis .     - Unarmed
rCold    + + +     Faith    .   (shield currently unavailable)
rNeg     . . .     Spirit   .   (helmet currently unavailable)
rPois    +         Reflect  .   t - amulet of regeneration
rElec    .         Harm     .   h - ring of poison resistance
rCorr    +         Rampage  .   b - +4 ring of evasion
Will     .....                  B - +6 ring of dexterity
Stlth    +++.......             E - ring of resist corrosion
HPRegen  1.24/turn              (no ring)
MPRegen  0.17/turn              (no ring)
                                (no ring)
                                (no ring)

@: ice-armoured (expiring), ice-form, wereblooded, frozen ramparts
A: freezing attack, boosted hp, almost no armour, amphibious, 8 rings, large,
(camouflage 1), (gelatinous body 1), (nimble swimmer 1), (tentacles)
a: End Transformation, Renounce Religion, Heroism


You were on level 10 of the Dungeon.
You worshipped Okawaru.
Okawaru was greatly pleased with you.
You were a creature of crystalline ice.
You visited 2 branches of the dungeon, and saw 12 of its levels.
You also visited: Sewer.

You collected 712 gold pieces.

Inventory:

Missiles
 f - 39 poisoned darts (quivered)
 j - 13 boomerangs
 o - 2 throwing nets {!f}
 r - 3 curare-tipped darts {!f}
 u - 4 silver boomerangs {!f}
 F - 5 javelins
Armour
 d - a +2 hat (melded)
 G - a +1 buckler
Jewellery
 b - a +4 ring of evasion (right front paw)
 e - a ring of fire
 h - a ring of poison resistance (left front paw)
 m - an amulet of magic regeneration
 t - an amulet of regeneration (around neck)
 w - an amulet of guardian spirit
 B - a +6 ring of dexterity (on tentacle)
 E - a ring of resist corrosion (on tentacle)
Wands
 x - a wand of mindburst (7)
Scrolls
 g - 6 scrolls of teleportation
 k - a scroll of amnesia
 n - 5 scrolls of fear
 C - 4 scrolls of identify
Potions
 a - 5 potions of curing
 i - 4 potions of flight
 l - 2 potions of resistance
 p - 3 potions of ambrosia
 q - a potion of attraction
 s - 2 potions of lignification
 v - 2 potions of mutation
 z - 5 potions of might
 A - a potion of berserk rage
Miscellaneous
 y - a box of beasts


   Skills:
 + Level 5.3 Fighting
 * Level 5.3 Dodging
 - Level 4.0 Stealth
 * Level 2.2 Shields
 * Level 7.8 Unarmed Combat
 - Level 6.0 Spellcasting
 - Level 8.0 Transmutations
 - Level 4.0 Ice Magic
 - Level 2.0 Poison Magic
 - Level 4.0 Invocations
 - Level 4.0 Evocations


You had 3 spell levels left.
You knew the following spells:

 Your Spells              Type           Power      Damage    Failure   Level
a - Beastly Appendage     Tmut           68%        N/A       1%          1
b - Wereblood             Tmut           34%        N/A       1%          2
c - Spider Form           Tmut/Pois      11%        N/A       4%          3
d - Ice Form              Ice/Tmut       27%        N/A       10%         4
e - Corona                Hex            5%         N/A       12%         1
f - Blink                 Tloc           N/A        N/A       19%         2
g - Frozen Ramparts       Ice            38%        1d5       7%          3
h - Ozocubu's Armour      Ice            19%        N/A       7%          3

Your spell library contained the following spells:

 Spells                   Type           Power      Damage    Failure   Level
 Freeze                   Ice            76%        1d9       2%          1
 Magic Dart               Conj           20%        1d4       12%         1
 Call Imp                 Summ           5%         N/A       19%         2
 Slow                     Hex            5%         N/A       19%         2
 Mephitic Cloud           Conj/Pois/Air  7%         N/A       28%         3
 Confusing Touch          Hex            5%         N/A       34%         3
 Conjure Flame            Conj/Fire      5%         6-21      34%         3
 Summon Guardian Golem    Hex/Summ       5%         N/A       34%         3
 Blade Hands              Tmut           17%        N/A       12%         5
 Hailstorm                Conj/Ice       12%        3d5       45%         4
 Summon Ice Beast         Ice/Summ       12%        N/A       45%         4
 Statue Form              Tmut/Erth      12%        N/A       98%         6
 Invisibility             Hex            5%         N/A       100%        6


Dungeon Overview and Level Annotations

Branches:
Dungeon (11/15)            Temple (1/1) D:7             Orc (0/2) D:10
  Sewer (visited)
   Lair: D:8-11

Altars:
Ashenzari
Cheibriados
Dithmenos
Elyvilon
Fedhas
Gozag
Hepliaklqana
Kikubaaqudgha
Makhleb
Nemelex Xobeh
Okawaru
Qazlal
Ru
Sif Muna
Trog
Uskayaw
Vehumet
Wu Jian
Xom
Yredelemnul
Zin
The Shining One

Shops:
D:4 (   D:8 :

Annotations:
D:5 dig vault
D:7 Dowan, Duvessa


Innate Abilities, Weirdness & Mutations

You are a creature of crystalline ice.
You have a powerful freezing melee attack.
Your maximum health is increased.
Your armour is entirely melded.
You are incapable of wielding weapons or throwing items.
You cannot wear most types of armour.
You are amphibious.
You can wear up to eight rings at the same time.
((Your skin changes colour to match your surroundings (Stealth+).))
((Your rubbery body absorbs attacks. (AC +1, EV +1)))
((You are stealthy while swimming. (Stealth+)))
((You have tentacles for arms and can constrict up to eight enemies at once.))


Message History

Confirm with . or Enter, or press ? or * to list all spells.
Your icy body feels more resilient.
The sun demon is frozen!
The wall freezes the sun demon.
The wall freezes the kobold.
You kill the kobold!
The wall freezes the troll.
Unknown command.
You hit the kobold brigand. You freeze the kobold brigand.
You kill the kobold brigand!
Okawaru accepts your kill.
You howl as the wereblood boils in your veins!
The sun demon is frozen!
The wall freezes the sun demon.
Unknown command.
You hit the troll. You freeze the troll.
The troll is lightly wounded.
The wall freezes the kobold demonologist.
The wall freezes the troll.
The troll bites you! The troll claws you. The troll barely misses you.
The sun demon is frozen!
The wall freezes the sun demon.
Unknown command.
You hit the troll. You freeze the troll.
The troll is moderately wounded.
The sun demon hits you!
You are engulfed in flames!!
The fire burns you terribly!
* * * LOW HITPOINT WARNING * * *
The wall freezes the kobold demonologist.
The wall freezes the troll.
The troll closely misses you. The troll completely misses you.
The troll misses you.
The wall freezes the kobold.
You kill the kobold!
Okawaru accepts your kill. The heat melts your icy armour.
Okay, then.
You feel much better. The sun demon hits you!
* * * LOW HITPOINT WARNING * * *
You are engulfed in flames!!
The fire burns you terribly!
* * * LOW HITPOINT WARNING * * *
The wall freezes the kobold demonologist.
The wall freezes the troll.
The troll completely misses you. The troll claws you!
You die...

##(...#..............#
......#..............#
......#..............#
......#..............#
......#..............#
##....#..............#
##....#..............#
..†...#........3.....#
#######.......KTY....#
#............)########
'...........>.#.....#
#...........K.#.....#
#.............#.....#
#.............#.....#
#.............#.....#
#.............#.....#
#.............#.....#


You could see a sun demon (summoned), a kobold demonologist and a troll.

Vanquished Creatures
  A two-headed ogre (D:7)
  5 yaks (D:10)
  A wraith (D:10)
  A soldier ant (D:10)
  An ice beast (D:10)
  4 ogres
  3 sky beasts
  A necrophage (D:9)
  8 orc warriors
  2 black bears (D:10)
  7 centaurs
  A phantom (D:4)
  2 kobold brigands
  4 bullfrogs
  5 killer bees (D:9)
  2 scorpions (D:8)
  9 wights (D:8)
  2 howler monkeys
  A bullfrog zombie (D:10)
  A quasit (D:9)
  3 hounds
  2 jellies
  8 orc priests
  2 bullfrog skeletons (D:7)
  A centaur skeleton (D:6)
  13 orc wizards
  5 worker ants
  3 hound skeletons
  A worker ant zombie (D:5)
  12 adders
  10 river rats
  2 shadow imps
  An ufetubus (D:8)
  4 oozes
  An adder zombie (D:6)
  An adder skeleton (D:5)
  10 worms
  A dart slug (D:5)
  3 leopard geckos
  39 orcs
  12 giant cockroaches
  9 goblins
  10 hobgoblins
  17 jackals
  12 kobolds
  12 quokkas
  4 ball pythons
  13 bats
  17 frilled lizards
  2 leopard gecko skeletons
  A quokka skeleton (D:5)
  26 rats
318 creatures vanquished.

Vanquished Creatures (collateral kills)
  An orc warrior (D:7)
  A scorpion (D:7)
  An adder (D:7)
  An orc (D:7)
4 creatures vanquished.

Grand Total: 322 creatures vanquished

Notes
Turn   | Place    | Note
-------+----------+-------------------------------------------
     0 | D:1      | tilp the Octopode Transmuter began the quest for the Orb.
     0 | D:1      | Reached XP level 1. HP: 13/13 MP: 3/3
    22 | D:1      | Reached skill level 1 in Stealth
    69 | D:1      | Reached XP level 2. HP: 9/18 MP: 3/5
    72 | D:1      | Learned a level 2 spell: Wereblood
   460 | D:1      | Reached XP level 3. HP: 9/23 MP: 0/6
  1681 | D:2      | Found a white marble altar of Elyvilon.
  2150 | D:2      | Reached XP level 4. HP: 24/28 MP: 5/7
  3015 | D:3      | Reached XP level 5. HP: 31/34 MP: 8/8
  4003 | D:4      | Found an ornate altar of the Wu Jian Council.
  4003 | D:4      | Found a radiant altar of Vehumet.
  4011 | D:4      | Found a glowing silver altar of Zin.
  4013 | D:4      | Found a glowing golden altar of the Shining One.
  4015 | D:4      | Found a blossoming altar of Fedhas.
  4186 | D:4      | Found Osaimin's Weapon Emporium.
  4409 | D:5      | Entered Level 5 of the Dungeon
  4580 | D:5      | Found a hide-covered altar of Uskayaw.
  4598 | D:5      | Identified the +0 cloak "Zoddaf" {rPois rC- Str+7 Int-5}
  4617 | D:5      | Reached skill level 5 in Unarmed Combat
  4617 | D:5      | Reached XP level 6. HP: 34/41 MP: 7/9
  5134 | D:5      | Reached XP level 7. HP: 46/46 MP: 8/10
  5164 | D:5      | Found a shimmering blue altar of Sif Muna.
  5230 | D:4      | Learned a level 3 spell: Spider Form
  5269 | D:5      | Reached skill level 1 in Poison Magic
  5498 | D:5      | Reached skill level 3 in Transmutations
  5588 | D:5      | Noticed a wyvern
  5907 | D:6      | Reached XP level 8. HP: 36/54 MP: 9/13
  5952 | D:6      | Reached skill level 4 in Transmutations
  5972 | D:6      | Found a glowing drain.
  5980 | D:6      | Learned a level 1 spell: Freeze
  5982 | Sewer    | Entered a sewer
  6624 | D:6      | Reached skill level 1 in Ice Magic
  6740 | D:6      | Identified the Tome of Ashen Hexes
  6744 | D:6      | Learned a level 1 spell: Corona
  6777 | D:6      | Reached skill level 5 in Transmutations
  6842 | D:6      | Reached skill level 6 in Transmutations
  6847 | D:6      | Learned a level 4 spell: Ice Form
  6851 | D:6      | Learned a level 3 spell: Frozen Ramparts
  7892 | D:7      | Reached XP level 9. HP: 55/58 MP: 12/15
  8114 | D:7      | Found a staircase to the Ecumenical Temple.
  8163 | Temple   | Entered the Ecumenical Temple
  8249 | Temple   | Became a worshipper of Warmaster Okawaru
  8329 | D:7      | Noticed Duvessa
  8329 | D:7      | Noticed Dowan
  8832 | D:7      | Noticed a two-headed ogre
  8841 | D:7      | Reached skill level 7 in Transmutations
  8849 | D:7      | Killed a two-headed ogre
  8849 | D:7      | Reached * piety under Okawaru
  8849 | D:7      | Reached ** piety under Okawaru
  8850 | D:7      | Reached skill level 8 in Transmutations
  9008 | D:8      | Found a shadowy altar of Dithmenos.
  9030 | D:8      | Reached skill level 1 in Evocations
  9115 | D:8      | Learned a level 2 spell: Blink
  9260 | D:8      | Found Monag's Book Boutique.
  9656 | D:8      | Found a basalt altar of Yredelemnul.
  9727 | D:8      | Reached skill level 5 in Spellcasting
  9727 | D:8      | Reached XP level 10. HP: 38/63 MP: 8/17
  9832 | D:8      | Learned a level 3 spell: Ozocubu's Armour
 10639 | D:9      | Reached *** piety under Okawaru
 11327 | D:10     | Entered Level 10 of the Dungeon
 11602 | D:10     | Reached **** piety under Okawaru
 11813 | D:10     | Reached skill level 5 in Fighting
 11835 | D:10     | Reached skill level 1 in Shields
 11968 | D:10     | Found a staircase to the Orcish Mines.
 11977 | D:10     | Reached skill level 5 in Dodging
 12382 | D:10     | Reached XP level 11. HP: 72/72 MP: 16/20
 12525 | D:11     | Noticed a soul eater
 12534 | D:10     | Noticed a sun demon
 12541 | D:10     | HP: 4/86 [sun demon[a kobold demonologist] (27)]
 12541 | D:10     | Slain by a troll

Illustrated notes

Levels and vault maps discovered:
D:1:      dpeg_arrival_simpleton_b, layout_basic, minmay_lizard_pond
D:2:      layout_basic, nicolae_overflow_crystal_walls, minivault_14,
          chequers_serial_rivers_marsh, kennysheep_generic_room_10
D:3:      layout_loops_ring, minmay_misc_feat_room
D:4:      minmay_recursive_quarters, layout_basic,
          chequers_temple_overflow_minitemple, serial_shops, shop
D:5:      lemuel_ratsnest, layout_basic, lemuel_crystal_altar,
          eat_drink_and_be_merry_uskayaw, grunt_ministairs_8,
          lightli_corner_chamber
D:6:      layout_basic, lightli_sewer_entry_pipes, minmay_checkerbox
D:7:      minmay_slanted_spiral_squares, layout_basic,
          minmay_temple_entry_glassed_door, minmay_misc_feat_chi, uniq_duvessa
D:8:      layout_loops_ring, kennysheep_mini, serial_shops,
          nicolae_shop_behind_doors, nicolae_dithmenos_shadow_blocks
D:9:      layout_basic, hangedman_abyss_or_decor_stagger
D:10:     layout_gridville, david_orc_4, serial_bayou_pond_d
D:11:     layout_basic, david_lair_generic, uniq_nergalle
Temple:   dshaligram_water_room_temple

Skill      XL: |  1  2  3  4  5  6  7  8  9 10 |
---------------+-------------------------------+-----
Stealth        | 2 3 4 |  4.0
Fighting       | 2 3 4 5 |  5.3
Unarmed Combat | 4 5 6 7 |  7.8
Poison Magic   | 2 |  2.0
Transmutations | 3 6 8 |  8.0
Spellcasting   | 3 4 5 6 |  6.0
Ice Magic      | 3 4 |  4.0
Invocations    | 4 |  4.0
Evocations     | 4 |  4.0
Dodging        | 5 |  5.3
Shields        | 2 |  2.2

Action                   |  1- 3 |  4- 6 |  7- 9 | 10-12 || total
-------------------------+-------+-------+-------+-------++-------
Melee: Unarmed           |   106 |   171 |   324 |   171 ||   772
       Constrict         |    34 |    43 |    68 |     5 ||   150
       Kick              |    11 |    36 |    66 |     2 ||   115
       Tentacles         |    15 |    24 |    51 |     3 ||    93
       Punch             |     3 |     6 |     9 |     1 ||    19
Throw: Stone             |     1 |       |       |       ||     1
       Dart              |       |    23 |    30 |       ||    53
 Cast: Beastly Appendage |    14 |    21 |    36 |     2 ||    73
       Wereblood         |     2 |     9 |    21 |     7 ||    39
       Corona            |       |       |     1 |     2 ||     3
       Frozen Ramparts   |       |       |    10 |    11 ||    21
       Spider Form       |       |       |     3 |     1 ||     4
       Ice Form          |       |       |     1 |    18 ||    19
       Ozocubu's Armour  |       |       |       |    13 ||    13
Invok: Heroism           |       |       |       |     2 ||     2
Evoke: Box of beasts     |       |       |     1 |       ||     1
       Wand              |       |       |       |     1 ||     1
  Use: Scroll            |       |     7 |    12 |     4 ||    23
       Potion            |       |       |     3 |     2 ||     5
 Stab: Sleeping          |     9 |    12 |    14 |     3 ||    38
       Distracted        |       |       |     2 |     1 ||     3
Armor: Skin              |     7 |    10 |    13 |    62 ||    92
Dodge: Dodged            |    56 |    55 |   163 |   185 ||   459

Table legend: (Time is in decaauts)
 A = Elapsed time spent in this place.
 B = Non-inter-level travel time spent in this place.
 C = Inter-level travel time spent in this place.
 D = Time resting spent in this place.
 E = Time spent auto-exploring this place.
 F = Levels seen in this place.
 G = Mean time per level.
                   A        B        C        D        E       F      G
               +--------+--------+--------+--------+--------+-----+--------+
         Total |  12485 |  11877 |    608 |    693 |   9019 |  13 |  960.4 |
       Dungeon |  11900 |  11316 |    584 |    693 |   8632 |  11 | 1081.8 |
        Temple |     95 |     71 |     24 |      0 |     69 |   1 |   95.0 |
         Sewer |    488 |    488 |      0 |      0 |    318 |   1 |  488.0 |
               +--------+--------+--------+--------+--------+-----+--------+

Top non-repeatable levels by time:
     D:1: 1554 daAuts
     D:7: 1516 daAuts
     D:9: 1398 daAuts
     D:5: 1379 daAuts
    D:10: 1190 daAuts
     D:2: 1107 daAuts
     D:4: 1023 daAuts
     D:6: 1022 daAuts
     D:8: 915 daAuts
     D:3: 781 daAuts
   Sewer: 488 daAuts
  Temple: 95 daAuts
    D:11: 10 daAuts
